 Dungeon Crawl Stone Soup version 0.30.1-3-gfc49f6343a (webtiles) character file.

Game seed: 6978375009761634582

2988 Fodor the Carver (level 9, -5/78 HPs)
             Began as a Minotaur Fighter on Aug 4, 2023.
             Was an Initiate of Gozag.
             Succumbed to booth's ghost's poison
             ... on level 7 of the Dungeon.
             The game lasted 00:33:38 (6043 turns).

Fodor the Carver (Minotaur Fighter)                 Turns: 6043, Time: 00:33:38

Health: -5/78      AC: 17    Str: 22 (23) XL:     9   Next: 53%
Magic:  8/8        EV:  7    Int:  5      God:    Gozag
Gold:   1018       SH: 10    Dex: 10      Spells: 8/8 levels left

rFire   . . .        J - +2 morningstar
rCold   . . .        c - +0 buckler
rNeg    + . .        w - +0 plate armour
rPois   .            (helmet restricted)
rElec   .            D - +2 cloak
rCorr   .            (no gloves)
SInv    .            (no boots)
Will    .....        x - amulet of reflection Stlth
                     p - ring of positive energy
HPRegen 0.33/turn    (no ring)
MPRegen 0.11/turn

%: reflection
@: lethally poisoned (-5 -> -40), about to teleport, gold aura, attractive
A: horns 2, retaliatory headbutt, clumsy 1, deterioration 1
a: Renounce Religion, Potion Petition, Call Merchant, Bribe Branch


You were on level 7 of the Dungeon.
You worshipped Gozag.
Gozag was most pleased with you.
You visited 2 branches of the dungeon, and saw 8 of its levels.
You also visited: Ossuary.

You collected 1114 gold pieces.
You paid 96 gold pieces to Gozag.

Inventory:

Hand Weapons
 a - a +2 quarterstaff of chaos
 b - a +0 shortbow
 s - a +1 heavy falchion
 J - a +2 morningstar (weapon)
Missiles
 e - 4 boomerangs (quivered)
 h - 5 atropa-tipped darts
 k - 4 javelins
 o - 14 poisoned darts
 t - 2 throwing nets
Armour
 c - a +0 buckler (worn)
 w - a +0 plate armour (worn)
 D - a +2 cloak (worn)
Jewellery
 p - a ring of positive energy (left hand)
 x - an amulet of reflection (around neck)
 N - an amulet of magic regeneration
Wands
 y - a wand of paralysis (8)
 z - a wand of roots (18)
 A - a wand of mindburst (15)
 C - a wand of digging (4)
Scrolls
 f - 3 scrolls of teleportation
 j - 2 scrolls of noise
 l - a scroll of torment {unknown}
 n - a scroll of poison {unknown}
 F - 2 scrolls of blinking
 H - a scroll of fog {unknown}
 L - a scroll of magic mapping {unknown}
 M - 2 scrolls of immolation
Potions
 d - a potion of might
 g - 3 potions of flight
 i - 2 potions of haste
 r - a potion of mutation
 u - 3 potions of degeneration {unknown}
 v - a potion of invisibility
 B - a potion of heal wounds {unknown}
 E - 2 potions of ambrosia
 I - a potion of brilliance {unknown}
 K - 2 potions of cancellation {unknown}
 O - a potion of lignification {unknown}


   Skills:
 + Level 6.4 Fighting
 + Level 9.3 Long Blades
 + Level 1.7 Throwing
 + Level 9.2 Armour
 + Level 2.8 Dodging
 + Level 1.3 Stealth
 + Level 8.0 Shields


You had 8 spell levels left.
You didn't know any spells.
Your spell library contained the following spells:

 Spells                   Type           Power      Damage    Failure   Level
 Sting                    Tmut/Pois      0%         1d3       100%        1
 Blink                    Tloc           0%         N/A       100%        2
 Lesser Beckoning         Tloc           0%         N/A       100%        2
 Momentum Strike          Conj/Tloc      0%         3d8       100%        2
 Poisonous Vapours        Pois/Air       0%         N/A       100%        2
 Olgreb's Toxic Radiance  Pois           0%         N/A       100%        4
 Summon Forest            Summ/Tloc      0%         N/A       100%        5
 Summon Mana Viper        Hex/Summ       0%         N/A       100%        5
 Summon Cactus Giant      Summ           0%         N/A       100%        6


Dungeon Overview and Level Annotations

Branches:
Dungeon (7/15)             Temple (1/1) D:4         Ossuary (visited)

Altars:
Elyvilon
Gozag
Nemelex Xobeh
Qazlal
Sif Muna
Vehumet
Wu Jian
Xom

Shops:
D:7 :

Annotations:
D:7 1 transporter, booth's ghost, novice DjHW


Innate Abilities, Weirdness & Mutations

You have a pair of horns on your head.
You reflexively headbutt those who attack you in melee.
You are clumsy. (Dex -2)
Your body sometimes deteriorates upon taking damage.


Message History

You feel less invigorated.
You feel less confused.
You feel very sick.
Booth's ghost gestures at you while chanting.
The magic dart hits you but does no damage.
Booth's ghost is attracted toward you.
The killer bee is attracted toward you. x2
You sock the killer bee!
You kill the killer bee!
You feel very sick.
The killer bee stings you but does no damage.
Booth's ghost hits you but does no damage.
You are more poisoned.
You block the killer bee's attack.
The killer bee stings you but does no damage.
You closely miss the killer bee. Your headbutt misses the killer bee.
* * * LOW HITPOINT WARNING * * *
You feel extremely sick. You block the killer bee's attack.
The killer bee stings you but does no damage.
The killer bee barely misses you. You furiously retaliate!
You headbutt the killer bee. The killer bee barely misses you.
Booth's ghost hits you.
* * * LOW HITPOINT WARNING * * *
You are more poisoned.
The killer bee stings you but does no damage.
You block the killer bee's attack.
Booth's ghost hits you but does no damage.
You are more poisoned.
As you read the scroll of teleportation, it crumbles to dust.
You feel strangely unstable.
* * * LOW HITPOINT WARNING * * *
You feel extremely sick. The killer bee closely misses you.
You block the killer bee's attack.
The killer bee stings you but does no damage. x2
Booth's ghost hits you!
* * * LOW HITPOINT WARNING * * *
You are more poisoned.
Booth's ghost attacks as you move away! You block booth's ghost's attack.
You die...
Your body crumbles into a pile of gold.

....# ##..#############....##
....# #..#####.yyy?#####....#
...## #.###.#.#.y.#...###.#..
.#.# #.##..#..###..#.y##.##. .#.#
###.###.$.#y.§#.#.###.##. .#.#
#....#####y.#..#####.....
)#.######.#.###..W#y..#...###....
............##..#.y###..#..##....
....#######.###.@y#...#.#.###..##
....# #..#####..©..#####...##
.#..### ##..#############..#..#
##....### ##.......©.......###.#
##..#...# ##...>...######## #.#
##..###.# #..####### ####..
##......#####.## ##.....
###(##........# #..##.. #
#..##....#### ##########.####.


You could see 5 killer bees and booth's ghost.

Vanquished Creatures
  A steam dragon (D:7)
  3 water moccasins
  2 orc warriors
  An ice beast (D:5)
  2 centaurs
  2 phantoms
  2 kobold brigands
  A bullfrog (D:6)
  3 scorpions
  7 wights
  3 killer bees (D:7)
  3 howler monkeys
  5 centaur zombies (Ossuary)
  5 hounds
  2 jellies
  Crazy Yiuf (D:2)
  2 orc priests (D:6)
  2 gnoll boudas
  2 iguanas
  A human zombie (Ossuary)
  A sleepcap (D:4)
  2 orc wizards
  3 mummies (Ossuary)
  8 gnolls
  7 adders
  2 shadow imps (D:5)
  3 adder zombies (Ossuary)
  A worm (D:2)
  A dart slug (D:5)
  12 orcs
  5 bats
  9 endoplasms
  A giant cockroach (D:1)
  2 gnoll zombies (Ossuary)
  12 goblins
  9 hobgoblins
  5 jackals
  5 quokkas
  7 ball pythons
  A frilled lizard (D:1)
  6 goblin zombies (Ossuary)
  4 jackal zombies
  17 kobolds
  5 kobold zombies (Ossuary)
  An orc zombie (Ossuary)
  4 quokka zombies (Ossuary)
  2 rats
  3 rat zombies (Ossuary)
188 creatures vanquished.

Notes
Turn   | Place    | Note
-------+----------+-------------------------------------------
     0 | D:1      | Fodor the Minotaur Fighter began the quest for the Orb.
     0 | D:1      | Reached XP level 1. HP: 19/19 MP: 0/0
    66 | D:1      | Reached XP level 2. HP: 17/27 MP: 1/1
   372 | D:1      | Found a faded altar of an unknown god.
   607 | D:1      | Reached XP level 3. HP: 33/33 MP: 2/2
   766 | D:2      | Reached skill level 1 in Dodging
   881 | D:2      | Found an ornate altar of the Wu Jian Council.
  1016 | D:2      | Reached XP level 4. HP: 40/40 MP: 3/3
  1101 | D:2      | Found a runed translucent door.
  1102 | D:2      | Noticed Crazy Yiuf
  1453 | D:3      | Reached XP level 5. HP: 35/46 MP: 4/4
  1603 | D:3      | Reached skill level 1 in Throwing
  1608 | D:3      | Found a sparkling altar of Nemelex Xobeh.
  1726 | D:3      | Got the Volume of the Mob
  1938 | D:3      | You fall into a shaft and drop 2 floors!
  1938 | D:5      | Entered Level 5 of the Dungeon
  1952 | D:5      | Noticed an ice beast
  1960 | D:5      | Killed an ice beast
  1961 | D:5      | Reached skill level 5 in Long Blades
  1961 | D:5      | Reached skill level 5 in Armour
  1961 | D:5      | Reached XP level 6. HP: 52/52 MP: 5/5
  2388 | D:2      | Killed Crazy Yiuf
  2468 | D:4      | Reached skill level 1 in Stealth
  2565 | D:4      | Found a staircase to the Ecumenical Temple.
  2577 | Temple   | Entered the Ecumenical Temple
  2588 | Temple   | Became a worshipper of Gozag Ym Sagoz the Greedy
  3014 | D:5      | Noticed a two-headed ogre
  3024 | D:5      | Noticed a water moccasin
  3044 | D:5      | Reached XP level 7. HP: 54/60 MP: 6/6
  3494 | D:5      | Reached skill level 5 in Fighting
  3494 | D:5      | Reached skill level 5 in Shields
  3508 | D:5      | Reached XP level 8. HP: 32/68 MP: 7/7
  4261 | D:6      | Found a sand-covered staircase.
  4272 | Ossuary  | Entered an ossuary
  4849 | D:6      | Reached XP level 9. HP: 75/75 MP: 8/8
  5053 | D:7      | Noticed booth's ghost (novice DjHW)
  5088 | D:7      | Found a transporter.
  5090 | D:7      | Found a transporter.
  5277 | D:7      | Found Uguonoc's Tremendous Tomes.
  6034 | D:7      | Gained mutation: You are clumsy. (Dex -2) [potion of
                  | mutation]
  6034 | D:7      | Gained mutation: Your body sometimes deteriorates upon
                  | taking damage. [potion of mutation]
  6042 | D:7      | HP: 3/78 [booth's ghost (7)]
  6043 | D:7      | Succumbed to booth's ghost's poison

Illustrated notes

Levels and vault maps discovered:
D:1:      shiori_arrival_oz, layout_loops_ring, chequers_ecumenical_altar_island
D:2:      layout_rooms, basic_altar, hex_intersection, uniq_crazy_yiuf_cottage
D:3:      layout_loops_ring, lemuel_doored_altar, st_stairs_3,
          hangedman_abyss_or_decor_stabs
D:4:      layout_basic, minmay_temple_entry_sparse_star
D:5:      layout_rooms, lightli_corner_chamber
D:6:      layout_basic, enter_ossuary_3
D:7:      layout_rooms, gammafunk_ghost_hive, nicolae_shop_i_like_big_books
Temple:   mainiacjoe_temple_coin_purse

Skill      XL: |  1  2  3  4  5  6  7  8  9 |
---------------+----------------------------+-----
Armour         | 4 5 6 7 8 9 |  9.2
Shields        | 4 5 6 8 |  8.0
Dodging        | 1 2 |  2.8
Long Blades    | 3 4 5 6 8 9 |  9.3
Fighting       | 4 5 6 |  6.4
Throwing       | 1 |  1.7
Stealth        | 1 |  1.3

Action                     |  1- 3 |  4- 6 |  7- 9 || total
---------------------------+-------+-------+-------++-------
  Melee: Long sword        |    88 |    77 |       ||   165
         Headbutt          |    10 |    29 |    63 ||   102
         Falchion          |       |    68 |   315 ||   383
         Morningstar       |       |       |    17 ||    17
  Throw: Boomerang         |    13 |     7 |     2 ||    22
    Use: Potion            |       |       |     9 ||     9
         Scroll            |       |       |     9 ||     9
   Stab: Distracted        |       |       |     2 ||     2
 Armour: Scale mail        |    36 |    24 |       ||    60
         Chain mail        |       |    16 |       ||    16
         Plate armour      |       |    17 |   228 ||   245
  Dodge: Dodged            |    54 |    66 |   131 ||   251
  Block: Buckler           |    17 |    31 |   196 ||   244
         Reflection        |       |       |     5 ||     5
